 Dungeon Crawl Stone Soup version 0.28-a0-723-g095bd1b44f (webtiles) character file.

Game seed: 6085928361430891334

126 siradein the Poker (level 4, -1/35 HPs)
             Began as a Demonspawn Gladiator on Oct 25, 2021.
             Killed from afar by an orc wizard (3 damage)
             ... with a magic dart
             ... on level 2 of the Dungeon.
             The game lasted 00:05:05 (3151 turns).

siradein the Poker (Demonspawn Gladiator)           Turns: 3151, Time: 00:05:05

Health: -1/35      AC: 12    Str: 14    XL:     4   Next: 84%
Magic:  4/4        EV: 11    Int: 11    God:
Gold:   85         SH:  0    Dex: 14    Spells: 3/3 levels left

rFire   . . .      SeeInvis .   n - +0 halberd
rCold   . . .      Faith    .   (shield currently unavailable)
rNeg    . . .      Spirit   .   k - +0 ring mail
rPois   .          Reflect  .   c - +0 helmet
rElec   .          Harm     .   a - scarf {+Inv}
rCorr   .          Rampage  .   (no gloves)
Will    .....                   (no boots)
Stlth   +.........              (no amulet)
HPRegen 0.11/turn               (no ring)
MPRegen 0.09/turn               (no ring)

@: sanguine armoured
A: sanguine armour 1, demonic magic 1
a: Evoke Invisibility


You were on level 2 of the Dungeon.
You visited 1 branch of the dungeon, and saw 3 of its levels.

You collected 85 gold pieces.

Inventory:

Hand Weapons
 n - a +0 halberd (weapon)
Missiles
 d - 2 throwing nets (quivered)
Armour
 a - a scarf of invisibility (worn)
 c - a +0 helmet (worn)
 k - a +0 ring mail (worn)
Jewellery
 h - an amulet of faith
Scrolls
 e - a scroll of immolation {unknown}
 g - a scroll of holy word {unknown}
 i - 4 scrolls of magic mapping {unknown}
 j - a scroll of fear {unknown}
 l - 4 scrolls of identify {unknown}
Potions
 b - 2 potions of brilliance {unknown}
 f - a potion of attraction {unknown}
 m - a potion of berserk rage {unknown}
 o - a potion of haste {unknown}


   Skills:
 + Level 3.0 Fighting
 + Level 3.4 Polearms
 + Level 2.7 Throwing
 + Level 3.4 Dodging


You had 3 spell levels left.
You didn't know any spells.
Your spell library was empty.

Dungeon Overview and Level Annotations

Branches:
Dungeon (3/15)

Altars:


Innate Abilities, Weirdness & Mutations

When seriously injured, your bleeding wounds create armour. (AC +6)
Spells you cast may paralyse adjacent enemies.


Message History

You bump into the rock wall.
Something hits you.
* * * LOW HITPOINT WARNING * * *
You feel less confused. Something hits you.
* * * LOW HITPOINT WARNING * * *
Items here: )) [[.
Something hits you but does no damage.
You barely miss something. Something hits you but does no damage.
You closely miss something.
Something hits you but does no damage. x2
You closely miss something. Something hits you but does no damage.
You hit something but do no damage. Something hits you.
* * * LOW HITPOINT WARNING * * *
You closely miss something. Something hits you.
* * * LOW HITPOINT WARNING * * *
Something hits you but does no damage.
You barely miss something.
You hear some strange, mumbled words.
You are confused.
You're too confused to move!
Something hits you but does no damage.
You miss something. Something completely misses you.
You miss something.
An orc wizard appears from thin air!
Reactivating autopickup.
The orc wizard hits you but does no damage.
The orc wizard misses you.
You bump into the rock wall.
The orc wizard closely misses you.
You barely miss the orc wizard.
The orc wizard is lightly wounded.
The orc wizard hits you but does no damage.
You miss the orc wizard.
The orc wizard is lightly wounded.
You feel less confused.
The orc wizard hits you but does no damage.
You closely miss the orc wizard.
The orc wizard is lightly wounded.
The orc wizard closely misses you. x2
You hit the orc wizard.
The orc wizard is heavily wounded.
The orc wizard casts a spell at you. The magic dart hits you.
You die...

#####.#.## #(...###.#
#.###.#.## ###.####.##
#.....######## #.###........#
#.# #...####.# #.###.#.####.#
####......>o@...#
##.....####[###..# ##.###..#
#.# #..# ###.## ##.####.#
#..# ....#
#....#.###..######## ....##
##.##...............#
.###.###.#####.###..######.##
.####....# ##.###..#####...#
..# #..#.####...........#.#.#


You could see an orc wizard.

Vanquished Creatures
  4 gnolls (D:2)
  3 adders (D:2)
  2 worms (D:2)
  4 dart slugs
  2 orcs (D:2)
  3 endoplasms
  2 giant cockroaches
  3 goblins (D:1)
  6 hobgoblins
  3 quokkas
  5 ball pythons
  3 bats
  2 frilled lizards
  3 kobolds
45 creatures vanquished.

Notes
Turn   | Place    | Note
-------+----------+-------------------------------------------
     0 | D:1      | siradein the Demonspawn Gladiator began the quest for the
                  | Orb.
     0 | D:1      | Reached XP level 1. HP: 16/16 MP: 1/1
   252 | D:1      | Gained mutation: Spells you cast may paralyse adjacent
                  | enemies. [demonic ancestry]
   252 | D:1      | Reached XP level 2. HP: 12/22 MP: 2/2
  1453 | D:2      | Gained mutation: When seriously injured, your bleeding
                  | wounds create armour. (AC +6) [demonic ancestry]
  1453 | D:2      | Reached XP level 3. HP: 26/28 MP: 3/3
  1891 | D:2      | Reached XP level 4. HP: 10/34 MP: 4/4
  3142 | D:2      | HP: 1/35 [something (3)]
  3151 | D:2      | Killed from afar by an orc wizard

Illustrated notes

Levels and vault maps discovered:
D:1:      eino_arrival_water_cross, layout_rooms, minmay_distorted
D:2:      layout_loops_ring
D:3:      layout_basic, uniq_ijyb

Skill      XL: |  1  2  3  4 |
---------------+-------------+-----
Throwing       | 2 |  2.7
Polearms       | 3 |  3.4
Dodging        | 3 |  3.4
Fighting       | 3 |  3.0

Action                   |  1- 3 |  4- 6 || total
-------------------------+-------+-------++-------
Melee: Trident           |   136 |    18 ||   154
       Halberd           |       |    68 ||    68
Throw: Throwing net      |       |     3 ||     3
 Stab: Held in net/web   |       |     2 ||     2
Armor: Leather armour    |    14 |       ||    14
       Ring mail         |    12 |    40 ||    52
Dodge: Dodged            |    74 |    35 ||   109

Table legend: (Time is in decaauts)
 A = Elapsed time spent in this place.
 B = Non-inter-level travel time spent in this place.
 C = Inter-level travel time spent in this place.
 D = Time resting spent in this place.
 E = Time spent auto-exploring this place.
 F = Levels seen in this place.
 G = Mean time per level.
                   A        B        C        D        E       F      G
               +--------+--------+--------+--------+--------+-----+--------+
         Total |   3199 |   3158 |     41 |    565 |   1993 |   3 | 1066.3 |
       Dungeon |   3199 |   3158 |     41 |    565 |   1993 |   3 | 1066.3 |
               +--------+--------+--------+--------+--------+-----+--------+

Top non-repeatable levels by time:
     D:2: 1638 daAuts
     D:1: 1408 daAuts
     D:3: 152 daAuts
